 Dungeon Crawl Stone Soup version 0.18-a0-1088-g34ef3a2 (webtiles) character file.

73 Ijustatesigmund the Distorting Demonspawn (level 4, 14/35 HPs)
             Began as a Demonspawn Abyssal Knight on Jan 15, 2016.
             Was a Believer of Lugonu.
             Quit the game on level 2 of the Dungeon.
             The game lasted 00:03:39 (1567 turns).

Ijustatesigmund the Distorting Demonspawn (DsAK)    Turns: 1567, Time: 00:03:39

Health: 14/35      AC:  6    Str: 12    XL:     4   Next: 8%
Magic:  4/6        EV: 10    Int: 13    God:    Lugonu [**....]
Gold:   104        SH:  0    Dex: 14    Spells: 0 memorised, 3 levels left

rFire  . . .     SeeInvis .     a - +1 mace
rCold  + . .     Gourm    .     j - +0 ring mail
rNeg   . . .     Faith    .     (no shield)
rPois  .         Spirit   +     (no helmet)
rElec  .         Dismiss  .     (no cloak)
rCorr  .         Reflect  .     (no gloves)
SustAt .         Harm     .     (no boots)
MR     .....                    (no amulet)
Stlth  ..........               (no ring)
                                i - ring of protection from cold

@: quite poisoned (14 -> 5), not resistant to hostile enchantments, extremely
unstealthy
A: hooves 1, icy blue scales 1, magic shield
a: Depart the Abyss, Bend Space, Renounce Religion


You were on level 2 of the Dungeon.
You worshipped Lugonu.
Lugonu was pleased with you.
You were hungry.

You visited 1 branch of the dungeon, and saw 2 of its levels.
You visited the Abyss 1 time.

You collected 104 gold pieces.

Inventory:

Hand Weapons
 a - a +1 mace (weapon)
Armour
 j - a +0 ring mail (worn)
Jewellery
 i - a ring of protection from cold (left hand)
Scrolls
 d - 2 scrolls of teleportation
 k - a scroll of remove curse
Potions
 b - a potion of lignification {unknown}
 e - a potion of heal wounds
 g - 3 potions of curing {unknown}
 h - a potion of agility {unknown}
Comestibles
 c - 3 bread rations
 f - a beef jerky
 l - 2 chunks of flesh


   Skills:
 + Level 3.4 Fighting
 * Level 3.0 Maces & Flails
 - Level 1.7 Armour
 - Level 0.8 Dodging
 + Level 3.9 Invocations


You had 3 spell levels left.
You didn't know any spells.

Dungeon Overview and Level Annotations

Branches:
Dungeon (2/15)

Altars:


Innate Abilities, Weirdness & Mutations

You have large cloven feet.
You are partially covered in icy blue scales (AC +1).
When hurt, damage is shared between your health and your magic reserves.


Message History

You closely miss the adder.
The adder is heavily wounded.
You are feeling hungry.
You feel sick. The adder barely misses you.
You closely miss the adder.
The adder is heavily wounded.
You feel sick. The adder barely misses you. The adder closely misses you.
You closely miss the adder.
The adder is heavily wounded.
The adder bites you.
You are more poisoned.
The adder poisons you!
You thump the adder!
You kill the adder!
Lugonu accepts your kill.
You can now bend space around yourself.
You have reached level 4!
You feel agile.
Your demonic ancestry asserts itself...
Your feet thicken and deform.
You feel sick.
Are you sure you want to abandon this character and quit the game? (Confirm with "yes".)

#.# ######.###
.........##
.#####.#..#
.########.# #
.##.## #.# .##
.###.## #.# ####.#
.#..#.###.# #.#.(#
.##.##.##.####..@#
.##...#.#.#.#....#
.###..##.###....##
.###....#.#.#...#
.##..#..####...##
.#...#...##....###
.#.#.#.#.##..#.#.#
.#)#.#.#####..#.##
.#.#...# #..#..#.#


There were no monsters in sight!

Vanquished Creatures
  2 adders (D:2)
  2 oozes
  A worm (D:2)
  2 bats
  4 giant cockroaches
  3 goblins (D:1)
  4 hobgoblins
  6 jackals (D:1)
  5 kobolds
  2 quokkas (D:2)
  3 giant newts
  4 rats
38 creatures vanquished.

Vanquished Creatures (others)
  2 starspawn tentacle segments (Abyss:1)
2 creatures vanquished.

Grand Total: 40 creatures vanquished

Notes
Turn   | Place    | Note
--------------------------------------------------------------
     0 | Abyss:1  | Ijustatesigmund the Demonspawn Abyssal Knight began the quest for the Orb.
     0 | Abyss:1  | Reached XP level 1. HP: 18/18 MP: 2/2
    49 | Abyss:1  | Noticed a tentacled starspawn
    51 | D:1      | Escaped the Abyss
   360 | D:1      | Reached * piety under Lugonu
   360 | D:1      | Gained mutation: When hurt, damage is shared between your health and your magic reserves. [demonic ancestry]
   360 | D:1      | Reached XP level 2. HP: 24/24 MP: 4/4
   882 | D:1      | Gained mutation: You are partially covered in icy blue scales (AC +1). [demonic ancestry]
   882 | D:1      | Reached XP level 3. HP: 16/29 MP: 2/5
  1566 | D:2      | Reached ** piety under Lugonu
  1566 | D:2      | Gained mutation: You have large cloven feet. [demonic ancestry]
  1566 | D:2      | Reached XP level 4. HP: 15/35 MP: 4/6
  1567 | D:2      | Quit the game

Vault maps used:
D:1:      dpeg_arrival_rhombus, minmay_misc_feat_square
D:2:      wad_crossroads, ecumenical_altar_1, grunt_decor_clamped
Abyss:1:  evilmike_abyss_exit_5, minivault_4

Action                   |  1- 3 |  4- 6 || total
-------------------------+-------+-------++-------
Melee: Mace              |   139 |       ||   139
Invok: Depart the Abyss  |     1 |       ||     1
  Use: Scroll            |     5 |       ||     5
  Eat: Chunk             |     2 |       ||     2
